Map: [ESL] Inside and Out

Players

Classic

  • Race: Protoss Protoss
  • Spawn Location: 7:00

DPGherO (herO) - Winner!

  • Race: Protoss Protoss
  • Spawn Location: 1:00

Event: TSL 9

VOD

Have the link to the VOD?

Description

Time

  • Played on: Aug. 5, 2022, 8:43 a.m.
  • Length: 6:19

All games in this series

Show
View Real Time Build Order
Export as new Build Order

Classic Protoss 

Build Orders: Phoenix Opening, Mass Phoenix 

Get SALT Encoding   

  12  0:01  Probe  
  13  0:13  Probe  
  14  0:18  Pylon  
  14  0:25  Probe (Chrono Boost)  
  15  0:38  Probe (Chrono Boost)  
  15  0:41  Gateway  
  16  0:45  Probe (Chrono Boost)  
  16  0:46  Assimilator  
  17  0:52  Probe  
  19  1:04  Probe (Chrono Boost)  
  19  1:16  Probe (Chrono Boost), Assimilator  
  19  1:17  Pylon  
  20  1:22  Probe (Chrono Boost)  
  21  1:29  Cybernetics Core  
  21  1:30  Probe  
  24  1:42  Probe  
  23  1:56  Nexus  
  23  2:06  Stargate  
  23  2:10  Probe  
  23  2:15  Adept  
  26  2:20  Warp Gate  
  26  2:22  Probe  
  27  2:34  Probe, Pylon  
  28  2:46  Probe  
  28  2:48  Phoenix (Chrono Boost)  
  31  2:58  Probe  
  30  3:07  Phoenix  
  30  3:11  Probe  
  31  3:22  Probe (Chrono Boost)  
  31  3:23  Probe (Chrono Boost)  
  32  3:32  Phoenix  
  32  3:34  Probe x2 (Chrono Boost)  
  36  3:38  Probe (Chrono Boost)  
  36  3:39  Probe (Chrono Boost)  
  38  3:48  Probe  
  38  3:49  Probe  
  38  3:54  Stargate  
  40  3:57  Phoenix  
  40  4:00  Probe  
  40  4:01  Probe  
  44  4:03  Assimilator  
  44  4:13  Probe x2 (Chrono Boost)  
  44  4:15  Assimilator  
  46  4:18  Pylon  
  46  4:22  Phoenix  
  46  4:23  Probe x2 (Chrono Boost)  
  50  4:28  Probe x2 (Chrono Boost)  
  52  4:35  Shield Battery  
  52  4:38  Phoenix  
  54  4:42  Probe x2  
  56  4:47  Phoenix  
  56  4:50  Pylon  
  58  4:58  Probe x2  
  60  5:04  Phoenix  
  60  5:12  Fleet Beacon  
  60  5:13  Probe  
  62  5:14  Probe  
  62  5:21  Phoenix  
  64  5:26  Pylon  
  64  5:30  Phoenix  
  66  5:40  Nexus  
  66  5:48  Pylon  
  68  5:56  Probe x2  
  70  5:59  Pylon  
Show
View Real Time Build Order
Export as new Build Order

DPGherO Protoss - Winner!

Build Orders: Phoenix Opening 

Get SALT Encoding   

  12  0:00  Probe  
  13  0:12  Probe  
  14  0:17  Pylon  
  14  0:24  Probe  
  15  0:37  Gateway, Probe (Chrono Boost)  
  15  0:42  Assimilator  
  16  0:48  Probe (Chrono Boost)  
  17  0:53  Probe (Chrono Boost)  
  18  0:57  Assimilator  
  18  1:03  Probe (Chrono Boost)  
  19  1:07  Pylon  
  19  1:13  Probe (Chrono Boost)  
  19  1:18  Probe (Chrono Boost)  
  20  1:24  Cybernetics Core  
  21  1:29  Probe  
  24  1:41  Probe  
  25  1:53  Probe  
  24  2:01  Stargate  
  24  2:02  Adept  
  26  2:18  Nexus  
  26  2:22  Probe  
  27  2:25  Warp Gate  
  27  2:34  Probe  
  27  2:35  Pylon  
  28  2:44  Phoenix (Chrono Boost)  
  30  2:52  Probe  
  31  3:00  Phoenix (Chrono Boost)  
  31  3:05  Probe  
  34  3:17  Probe  
  33  3:22  Phoenix (Chrono Boost)  
  34  3:31  Probe (Chrono Boost)  
  34  3:32  Probe (Chrono Boost)  
  36  3:37  Assimilator  
  36  3:40  Phoenix  
  39  3:42  Probe (Chrono Boost)  
  39  3:45  Probe (Chrono Boost)  
  39  3:47  Probe (Chrono Boost)  
  40  3:50  Twilight Council  
  40  3:53  Probe  
  42  3:57  Probe  
  43  4:05  Phoenix, Probe  
  43  4:08  Gateway  
  43  4:09  Probe  
  47  4:14  Assimilator  
  47  4:19  Pylon  
  47  4:20  Probe  
  47  4:21  Probe  
  49  4:30  Dark Shrine  
  49  4:32  Phoenix (Chrono Boost)  
  49  4:34  Probe  
  49  4:36  Probe  
  53  4:40  Pylon  
  53  4:47  Probe  
  53  4:48  Probe  
  55  4:54  Phoenix (Chrono Boost)  
  55  4:59  Probe  
  57  5:00  Probe  
  58  5:11  Probe  
  58  5:12  Probe  
  62  5:16  Shield Battery  
  62  5:17  Oracle  
  62  5:18  Shield Battery  
  63  5:30  Nexus  
  63  5:33  Pylon  
  63  5:41  Dark Templar x2  
  67  5:44  Probe x2  
  69  5:51  Gateway  
  69  5:57  Gateway  
  69  6:00  Probe x2  
  69  6:03  Shield Battery  
Tags
 
Add a new tag
Caveats
  • Supply blocks, unpowered buildings, or Contaminate may cause inaccurate times.
  • Supply counts are checked every 10 seconds.